 Dungeon Crawl Stone Soup version 0.23.1 (webtiles) character file.

Game seed: 6373146805704557112

284 Andrea the Magician (level 6, -9/32 HPs)
             Began as a Deep Elf Fire Elementalist on Mar 12, 2019.
             Mangled by a wraith (15 damage)
             ... in an ossuary.
             The game lasted 00:06:59 (3189 turns).

Andrea the Magician (Deep Elf Fire Elementalist)    Turns: 3189, Time: 00:07:00

Health: -9/32      AC:  3    Str:  7    XL:     6   Next: 7%
Magic:  13/15      EV: 13    Int: 20    God:
Gold:   116        SH:  0    Dex: 15    Spells: 4/14 levels left

rFire    . . .     SeeInvis .   e - +2 dagger (holy)
rCold    . . .     Gourm    .   (no shield)
rNeg     . . .     Faith    .   a - +1 robe
rPois    .         Spirit   .   (no helmet)
rElec    .         Reflect  .   (no cloak)
rCorr    .         Harm     .   (no gloves)
MR       .....                  (no boots)
Stlth    ++........             (no amulet)
HPRegen  0.10/turn              (no ring)
MPRegen  0.14/turn              (no ring)

@: slowed, very slow
A: no striking features
a: no special abilities


You were in an ossuary.
You were hungry.

You visited 1 branch of the dungeon, and saw 4 of its levels.
You also visited: Ossuary.

You collected 116 gold pieces.

Inventory:

Hand Weapons
 e - a +2 dagger of holy wrath (weapon)
Armour
 a - a +1 robe (worn)
Scrolls
 d - 3 scrolls of immolation
 f - 2 scrolls of teleportation
 g - 2 scrolls of enchant weapon
 l - 3 scrolls of remove curse
Potions
 h - a potion of mutation
 i - 2 potions of might
Comestibles
 c - 5 rations


   Skills:
 - Level 2.4 Dodging
 - Level 2.4 Stealth
 + Level 4.9 Spellcasting
 * Level 4.8 Conjurations
 + Level 4.6 Fire Magic


You had 4 spell levels left.
You knew the following spells:

 Your Spells              Type           Power        Failure   Level  Hunger
a - Flame Tongue          Conj/Fire      ###..        1%          1    None
b - Throw Flame           Conj/Fire      ###...       2%          2    #......
c - Conjure Flame         Conj/Fire      ###.....     4%          3    ##.....
d - Sticky Flame          Conj/Fire      ###.....     17%         4    ####...

Your spell library contained the following spells:

 Spells                   Type           Power        Failure   Level  Hunger
 Inner Flame              Hex/Fire       ##......     14%         3    ##.....
 Fireball                 Conj/Fire      ###.......   43%         5    ######.


Dungeon Overview and Level Annotations

Branches:
Dungeon (4/15)
 Temple: D:4-7

Altars:
Makhleb
Okawaru


Message History

Aim: a wraith The flame tongue hits the wraith.
The wraith is lightly damaged.
The wraith hits you! The wraith drains your vigour!
You feel yourself slow down.
You hit the wraith but do no damage.
The wraith is lightly damaged.
The wraith hits you. The wraith drains your vigour!
You feel as though you will be slow longer.
You barely miss the wraith.
The wraith is lightly damaged.
The wraith closely misses you. The wraith barely misses you.
You hit the wraith but do no damage.
The wraith is lightly damaged.
The wraith hits you!
* * * LOW HITPOINT WARNING * * *
You barely miss the wraith.
The wraith is lightly damaged.
The wraith misses you. The wraith hits you!
You die...

###############
#..............
#............^.
#..####..###..
#..#!W@..# #..####..#
#........# ###
#.....^.... #W#
#..####..... ### #..#
....8... ##.##
#..####.......
##...###......^......
##.....##........


You could see a wraith.

Vanquished Creatures
  A hound (D:3)
  2 orc wizards
  3 gnolls (D:2)
  8 adders
  3 worms
  2 dart slugs
  2 leopard geckos (D:3)
  6 orcs
  A ball python (D:1)
  6 giant cockroaches
  10 goblins
  8 hobgoblins
  2 quokkas (D:2)
  6 bats
  9 frilled lizards
  A hobgoblin zombie (Ossuary)
  6 kobolds
  8 rats
84 creatures vanquished.

Notes
Turn   | Place    | Note
-------+----------+-------------------------------------------
     0 | D:1      | Andrea the Deep Elf Fire Elementalist began the quest for
                  | the Orb.
     0 | D:1      | Reached XP level 1. HP: 10/10 MP: 6/6
   291 | D:1      | Reached XP level 2. HP: 15/15 MP: 5/8
   295 | D:1      | Learned a level 2 spell: Throw Flame
  1121 | D:1      | Reached XP level 3. HP: 19/19 MP: 8/10
  1188 | D:2      | Learned a level 3 spell: Conjure Flame
  1449 | D:2      | Reached XP level 4. HP: 24/24 MP: 8/11
  1689 | D:2      | Found an iron altar of Okawaru.
  2004 | D:2      | Learned a level 4 spell: Sticky Flame
  2022 | D:3      | Reached XP level 5. HP: 28/28 MP: 5/13
  2579 | D:3      | Found a burning altar of Makhleb.
  3057 | D:4      | Noticed a phantom
  3071 | D:4      | Reached XP level 6. HP: 32/32 MP: 9/15
  3151 | D:4      | Found a sand-covered staircase.
  3155 | Ossuary  | Entered an ossuary
  3155 | Ossuary  | Noticed a wraith
  3155 | Ossuary  | Noticed a wraith
  3155 | Ossuary  | Noticed a wraith
  3183 | Ossuary  | Noticed a wraith
  3189 | Ossuary  | Mangled by a wraith

Skill      XL: |  1  2  3  4  5 |
---------------+----------------+-----
Conjurations   | 2 3 4 |  4.8
Fire Magic     | 4 |  4.6
Spellcasting   | 4 |  4.9
Dodging        | |  2.4
Stealth        | |  2.4

Action                   |  1- 3 |  4- 6 || total
-------------------------+-------+-------++-------
Melee: Short sword       |     9 |       ||     9
       Unarmed           |     1 |       ||     1
       Dagger            |     8 |    16 ||    24
 Cast: Flame Tongue      |    63 |    80 ||   143
       Throw Flame       |       |    19 ||    19
  Use: Scroll            |       |     8 ||     8
       Potion            |       |     1 ||     1
  Eat: Chunk             |     1 |     5 ||     6
Armor: Robe              |     7 |     4 ||    11
Dodge: Dodged            |    35 |    28 ||    63
